Construct Section Command Post
Selects Heavy Armor Battlegroup
Selects Heavy Armor Battlegroup
Construct Platoon Command Post
6-pounder Anti-tank Gun Team
Unlock Bishop Self-propelled Artillery
Selects Light Vehicle Withdraw and Refit
Selects Rigorous Vehicle Training
Light Vehicle Withdraw and Refit
Bishop Self-propelled Artillery
Construct Company Command Post
Selects Forward Repair Assembly
Selects UNKNOWN (2162094)
Bishop Self-propelled Artillery
Unlock Towed 17-pounder Anti-tank Guns
Bishop Self-propelled Artillery
17-pounder Anti-tank Gun Team
17-pounder Anti-tank Gun Team